Map: Prion Terraces

Players

Stork

  • Race: Protoss Protoss
  • League: Master

State - Winner!

  • Race: Protoss Protoss
  • League: Grandmaster

VOD

Have the link to the VOD?

Description

Time

  • Played on: Nov. 24, 2015, 8:23 p.m.
  • Length: 6:50
Show
View Real Time Build Order
Export as new Build Order

Stork Protoss 

Build Orders: 1 Gate Expand, Blink Stalkers 

Get SALT Encoding   

  12  0:01  Probe (Chrono Boost)  
  13  0:11  Probe (Chrono Boost)  
  14  0:18  Pylon  
  14  0:22  Probe (Chrono Boost)  
  15  0:37  Probe (Chrono Boost), Gateway  
  16  0:47  Probe (Chrono Boost)  
  17  0:58  Probe (Chrono Boost)  
  18  1:08  Probe (Chrono Boost)  
  19  1:13  Nexus  
  19  1:19  Probe (Chrono Boost)  
  19  1:25  Assimilator  
  20  1:28  Assimilator  
  20  1:30  Probe (Chrono Boost)  
  21  1:37  Cybernetics Core  
  21  1:42  Probe (Chrono Boost)  
  22  1:49  Pylon  
  22  1:53  Probe (Chrono Boost)  
  23  2:07  Probe (Chrono Boost)  
  24  2:17  Probe (Chrono Boost)  
  25  2:25  Stalker, Probe (Chrono Boost)  
  25  2:26  Warp Gate  
  28  2:31  Mothership Core (Chrono Boost)  
  28  2:36  Probe (Chrono Boost)  
  31  2:46  Probe (Chrono Boost)  
  31  2:49  Probe (Chrono Boost)  
  33  2:57  Twilight Council, Probe (Chrono Boost)  
  34  3:00  Probe (Chrono Boost)  
  34  3:01  Stalker  
  37  3:07  Probe (Chrono Boost)  
  38  3:14  Probe (Chrono Boost)  
  37  3:23  Probe (Chrono Boost)  
  37  3:25  Probe (Chrono Boost)  
  37  3:29  Pylon  
  35  3:35  Probe (Chrono Boost)  
  35  3:41  Probe (Chrono Boost)  
  36  3:44  Probe (Chrono Boost)  
  36  3:46  Blink (Chrono Boost)  
  37  3:53  Gateway  
  37  3:54  Gateway  
  37  3:55  Gateway  
  37  3:56  Gateway  
  34  4:15  Probe  
  34  4:17  Probe  
  35  4:22  Gateway  
  35  4:28  Probe  
  35  4:29  Probe  
  36  4:34  Stalker  
  38  4:39  Probe  
  38  4:41  Probe  
  40  4:49  Probe  
  41  4:54  Probe  
  41  4:58  Stalker x3  
  48  5:04  Pylon  
  48  5:06  Probe  
  48  5:07  Probe  
  50  5:17  Probe  
  51  5:23  Stalker x3  
  51  5:26  Stalker  
  59  5:35  Zealot x2  
  60  5:40  Pylon  
  60  5:41  Pylon  
  56  6:01  Stalker x3  
  58  6:07  Zealot x3  
  58  6:11  Probe, Assimilator  
  60  6:12  Probe  
  62  6:24  Stalker x2, Probe  
  63  6:25  Zealot  
  63  6:33  Stalker  
  63  6:35  Zealot x2  
  53  6:45  Stalker x3  
  53  6:46  Zealot  
  61  6:47  Zealot  
Show
View Real Time Build Order
Export as new Build Order

State Protoss - Winner!

Build Orders: 1 Gate Expand, Blink Stalkers 

Get SALT Encoding   

  12  0:01  Probe (Chrono Boost)  
  13  0:11  Probe (Chrono Boost)  
  14  0:18  Pylon  
  14  0:22  Probe (Chrono Boost)  
  15  0:36  Probe (Chrono Boost), Gateway  
  15  0:41  Assimilator  
  16  0:47  Probe (Chrono Boost)  
  17  0:57  Probe (Chrono Boost)  
  18  1:08  Probe (Chrono Boost)  
  19  1:18  Nexus  
  19  1:22  Probe (Chrono Boost)  
  20  1:31  Cybernetics Core  
  20  1:34  Probe (Chrono Boost)  
  20  1:39  Assimilator  
  21  1:45  Probe (Chrono Boost)  
  22  1:50  Pylon  
  22  1:55  Probe (Chrono Boost)  
  23  2:09  Mothership Core (Chrono Boost), Adept  
  27  2:16  Warp Gate  
  27  2:27  Probe (Chrono Boost)  
  28  2:34  Probe (Chrono Boost)  
  29  2:37  Twilight Council  
  29  2:38  Probe (Chrono Boost)  
  29  2:39  Adept  
  32  2:44  Probe (Chrono Boost)  
  32  2:48  Probe (Chrono Boost)  
  34  2:55  Probe (Chrono Boost)  
  34  2:57  Pylon  
  35  2:59  Probe (Chrono Boost)  
  35  3:05  Probe (Chrono Boost)  
  37  3:09  Probe (Chrono Boost)  
  38  3:16  Probe (Chrono Boost)  
  40  3:20  Probe (Chrono Boost)  
  40  3:26  Probe (Chrono Boost)  
  41  3:30  Probe (Chrono Boost)  
  42  3:35  Probe (Chrono Boost), Blink (Chrono Boost)  
  42  3:41  Stalker, Probe  
  43  3:46  Probe  
  43  3:48  Pylon  
  45  3:52  Gateway  
  45  3:53  Probe  
  45  3:54  Gateway  
  46  3:56  Probe  
  47  4:05  Probe  
  47  4:07  Probe  
  47  4:09  Assimilator  
  49  4:14  Assimilator  
  49  4:17  Probe  
  49  4:18  Probe  
  51  4:25  Robotics Facility  
  51  4:26  Pylon  
  51  4:27  Pylon  
  51  4:29  Probe  
  51  4:30  Stalker  
  51  4:31  Probe  
  53  4:40  Probe  
  54  4:48  Gateway  
  54  4:50  Gateway  
  54  4:51  Gateway  
  54  4:55  Gateway  
  54  5:00  Stalker  
  54  5:01  Stalker x2  
  60  5:12  Observer (Chrono Boost)  
  61  5:25  Nexus  
  61  5:27  Stalker x3, Pylon  
  67  5:31  Observer (Chrono Boost)  
  68  5:38  Dark Shrine  
  68  5:50  Stalker x2  
  68  6:07  Stalker x3  
  68  6:08  Stalker x2  
  68  6:10  Probe x2  
  76  6:12  Warp Prism (Chrono Boost)  
  73  6:26  Stalker  
  73  6:27  Stalker  
  69  6:42  Stalker x5  
Tags
 
Add a new tag
Caveats
  • Supply blocks, unpowered buildings, or Contaminate may cause inaccurate times.
  • Supply counts are checked every 10 seconds.